 Dungeon Crawl Stone Soup version 0.29.1-13-g9f3cf754e1 (webtiles) character file.

Game seed: 11213664686097766470

88 Linkola the Trooper (level 4, -4/40 HPs)
             Began as a Minotaur Fighter on Jan 20, 2023.
             Succumbed to a kobold brigand's curare-tipped dart
             ... on level 3 of the Dungeon.
             The game lasted 00:03:52 (2346 turns).

Linkola the Trooper (Minotaur Fighter)              Turns: 2346, Time: 00:03:53

Health: -4/40      AC:  7    Str: 22    XL:     4   Next: 29%
Magic:  3/3        EV:  9    Int:  5    God:
Gold:   160        SH:  9    Dex: 10    Spells: 3/3 levels left

rFire   . . .      SeeInvis .   a - +1 war axe (venom)
rCold   . . .      Faith    .   c - +0 buckler
rNeg    . . .      Spirit   .   b - +0 scale mail
rPois   .          Reflect  +   (helmet restricted)
rElec   .          Harm     .   (no cloak)
rCorr   .          Rampage  .   (no gloves)
Will    .....                   (no boots)
Stlth   ..........              f - amulet of reflection
HPRegen 0.13/turn               (no ring)
MPRegen 0.08/turn               (no ring)

@: lethally poisoned (-4 -> -26), slowed, very slow
A: horns 2, retaliatory headbutt
a: no special abilities


You were on level 3 of the Dungeon.
You visited 1 branch of the dungeon, and saw 3 of its levels.

You collected 160 gold pieces.

Inventory:

Hand Weapons
 a - a +1 war axe of venom (weapon)
Missiles
 e - 7 stones (quivered)
Armour
 b - a +0 scale mail (worn)
 c - a +0 buckler (worn)
Jewellery
 f - an amulet of reflection (around neck)
Scrolls
 k - a scroll of blinking
Potions
 d - a potion of might
 g - a potion of degeneration {unknown}
 h - 3 potions of flight {unknown}
 i - a potion of curing {unknown}
 j - 2 potions of magic {unknown}
 l - a potion of mutation {unknown}


   Skills:
 + Level 4.0 Fighting
 + Level 3.1 Axes
 * Level 2.0 Throwing
 + Level 3.9 Armour
 + Level 0.6 Dodging
 + Level 3.9 Shields
 * Level 1.1 Evocations


You had 3 spell levels left.
You didn't know any spells.
Your spell library contained the following spells:

 Spells                   Type           Power      Damage    Failure   Level
 Static Discharge         Conj/Air       0%         3-3/arc   95%         2
 Dispel Undead            Necr           0%         3d6       100%        4
 Sticky Flame             Conj/Fire      0%         2d3       100%        4


Dungeon Overview and Level Annotations

Branches:
Dungeon (3/15)

Altars:


Innate Abilities, Weirdness & Mutations

You have a pair of horns on your head.
You reflexively headbutt those who attack you in melee.


Message History

The curare-tipped dart closely misses you.
There is an escape hatch in the ceiling here.
You feel very sick.
The kobold brigand throws a curare-tipped dart.
The curare-tipped dart hits you.
You are lethally poisoned!
You have difficulty breathing.
You feel as though you will be slow longer.
You are too injured to fight recklessly!
You are too injured to fight recklessly!
You are too injured to fight recklessly!
You are too injured to fight recklessly!
You are too injured to fight recklessly!
You are too injured to fight recklessly!
You are too injured to fight recklessly!
You are too injured to fight recklessly!
You are too injured to fight recklessly!
You are too injured to fight recklessly!
You are too injured to fight recklessly!
You are too injured to fight recklessly!
You are too injured to fight recklessly!
You are too injured to fight recklessly!
You are too injured to fight recklessly!
You are too injured to fight recklessly!
You are too injured to fight recklessly!
You are too injured to fight recklessly!
You are too injured to fight recklessly!
You are too injured to fight recklessly!
You are too injured to fight recklessly!
You are too injured to fight recklessly!
You are too injured to fight recklessly!
You are too injured to fight recklessly!
* * * LOW HITPOINT WARNING * * *
You feel extremely sick.
The kobold brigand hits you with a +0 whip.
* * * LOW HITPOINT WARNING * * *
You slash the kobold brigand!
Your headbutt misses the kobold brigand.
The kobold brigand is heavily wounded.
You die...

###...#######.###.##
#.# #.).#
####....#####.####
###...
..###.#...........
#### #.#
#.#######..... #.#
#.# #.##.. #.# #.#
#.#.#. #.# #.#
#..### #K# #.#
###.#. #@# #.# ##>#
#.# #.# ##.# #<# #.#
#... # #.# #.# #.#.
# #.# #.# #... #####
#.# #.# ##.# #.#.##
#.# #.# #.#
.....####### #.# #.#
#.# #.#.##.....#
#.###.####### #.#


You could see a kobold brigand.

Vanquished Creatures
  2 adders (D:3)
  2 worms (D:2)
  2 dart slugs (D:3)
  10 ball pythons
  9 endoplasms
  3 giant cockroaches
  7 goblins
  A hobgoblin (D:3)
  5 kobolds
  3 quokkas
  4 bats
  3 frilled lizards
  7 rats
58 creatures vanquished.

Vanquished Creatures (others)
  6 fungi (D:1)
  3 plants (D:1)
9 creatures vanquished.

Grand Total: 67 creatures vanquished

Notes
Turn   | Place    | Note
-------+----------+-------------------------------------------
     0 | D:1      | Linkola the Minotaur Fighter began the quest for the Orb.
     0 | D:1      | Reached XP level 1. HP: 19/19 MP: 0/0
   194 | D:1      | Reached XP level 2. HP: 27/27 MP: 1/1
   248 | D:1      | Reached skill level 1 in Throwing
   746 | D:1      | Reached XP level 3. HP: 25/33 MP: 2/2
  1078 | D:1      | Found a faded altar of an unknown god.
  1938 | D:3      | Reached skill level 4 in Fighting
  1945 | D:3      | Reached skill level 1 in Evocations
  2158 | D:3      | Reached XP level 4. HP: 40/40 MP: 3/3
  2341 | D:3      | Noticed a kobold brigand
  2346 | D:3      | Succumbed to a kobold brigand's curare-tipped dart

Illustrated notes

Levels and vault maps discovered:
D:1:      amcnicky_arrival_feature_with_door, layout_loops_ring,
          shapermc_ecumenical_altar_hornbeckon
D:2:      layout_basic
D:3:      layout_loops_ring, worldfamousw_hep_ancestral_shrine, st_stairs_13

Skill      XL: |  1  2  3  4 |
---------------+-------------+-----
Throwing       | 1 2 |  2.0
Fighting       | 4 |  4.0
Evocations     | 1 |  1.1
Axes           | 3 |  3.1
Armour         | |  3.9
Dodging        | |  0.6
Shields        | |  3.9

Action                   |  1- 3 |  4- 6 || total
-------------------------+-------+-------++-------
Melee: War axe           |   113 |     9 ||   122
       Headbutt          |    22 |     2 ||    24
Throw: Stone             |    25 |     1 ||    26
  Use: Scroll            |     6 |       ||     6
Armor: Scale mail        |    42 |     3 ||    45
Dodge: Dodged            |    37 |     4 ||    41
Block: Buckler           |    36 |     4 ||    40
       Reflection        |     1 |       ||     1
